 Dungeon Crawl Stone Soup version 0.27-a0-1200-g94dc6ad4cf (webtiles) character file.

Game seed: 2522530676407475410

538 bilbop the Cudgeller (level 7, -1/61 HPs)
             Began as a Minotaur Fighter on June 2, 2021.
             Was an Initiate of Makhleb.
             Killed from afar by an orc wizard (7 damage)
             ... with a magic dart
             ... on level 4 of the Dungeon.
             The game lasted 00:08:24 (3183 turns).

bilbop the Cudgeller (Minotaur Fighter)             Turns: 3183, Time: 00:08:25

Health: -1/61      AC:  7    Str: 22    XL:     7   Next: 5%
Magic:  6/6        EV:  9    Int:  5    God:    Makhleb [......]
Gold:   171        SH: 15    Dex: 10    Spells: 6/6 levels left

rFire    . . .     SeeInvis .   a - +0 flail
rCold    + . .     Faith    .   o - +0 tower shield
rNeg     . . .     Spirit   .   l - +0 scale mail
rPois    .         Reflect  .   (helmet restricted)
rElec    .         Harm     .   (no cloak)
rCorr    .         Rampage  .   (no gloves)
Will     .....                  (no boots)
Stlth    ..........             (no amulet)
HPRegen  0.20/turn              e - ring of protection from cold
MPRegen  0.10/turn              p - +4 ring of evasion

@: no status effects
A: horns 2, retaliatory headbutt
a: Renounce Religion


You were on level 4 of the Dungeon.
You worshipped Makhleb.
Makhleb was noncommittal.
You visited 1 branch of the dungeon, and saw 4 of its levels.

You collected 171 gold pieces.

Inventory:

Hand Weapons
 a - a +0 flail (weapon)
 b - a +0 hunting sling
Armour
 c - a +0 kite shield
 l - a +0 scale mail (worn)
 o - a +0 tower shield (worn)
Jewellery
 e - a ring of protection from cold (left hand)
 p - a +4 ring of evasion (right hand)
Wands
 r - a wand of flame (7)
Scrolls
 h - a scroll of magic mapping {unknown}
 k - 2 scrolls of identify {unknown}
 n - a scroll of amnesia {unknown}
 s - a scroll of noise {unknown}
 t - a scroll of blinking {unknown}
 u - a scroll of enchant armour {unknown}
 v - a scroll of teleportation {unknown}
 w - a scroll of fog {unknown}
Potions
 d - a potion of might
 f - a potion of heal wounds {unknown}
 g - 3 potions of mutation {unknown}
 i - 2 potions of haste {unknown}
 j - 2 potions of magic {unknown}
 m - a potion of flight {unknown}
 q - a potion of invisibility {unknown}


   Skills:
 + Level 5.3 Fighting
 * Level 6.0 Maces & Flails
 + Level 0.6 Slings
 + Level 5.3 Armour
 + Level 5.3 Shields
 + Level 0.7 Invocations


You had 6 spell levels left.
You didn't know any spells.
Your spell library contained the following spells:

 Spells                   Type           Power      Damage    Failure   Level
 Animate Skeleton         Necr           0%         N/A       100%        1
 Pain                     Necr           0%         1d4       100%        1
 Vampiric Draining        Necr           0%         2d6       100%        3
 Animate Dead             Necr           0%         N/A       100%        4
 Agony                    Necr           0%         N/A       100%        5


Dungeon Overview and Level Annotations

Branches:
Dungeon (4/15)             Temple (0/1) D:4

Altars:
Dithmenos
Makhleb
Qazlal
Ru
The Shining One

Shops:
D:3 (


Innate Abilities, Weirdness & Mutations

You have a pair of horns on your head.
You reflexively headbutt those who attack you in melee.


Message History

You closely miss something.
You hear some strange, mumbled words.
Something tries to affect you, but you resist.
You hear some strange, mumbled words.
A puff of flame appears from out of thin air!
The puff of flame hits you!
* * * LOW HITPOINT WARNING * * *
The orc priest looks satisfied for a moment.
You miss something. You headbutt something. Makhleb accepts your kill.
Reactivating autopickup.
You feel a bit more experienced.
Your Maces & Flails skill increases to level 6!
You sock the orc priest! You headbutt the orc priest.
You kill the orc priest!
Makhleb accepts your kill.
You have reached level 7!
Something is blocking the doorway!
You hear some strange, mumbled words.
Deactivating autopickup; reactivate with Ctrl-A.
Something tries to affect you, but you resist.
You closely miss something. Your headbutt misses something.
You block something's attack.
You barely miss something. Something hits you but does no damage.
You hear some strange, mumbled words.
You are confused.
You barely miss something. Something hits you.
* * * LOW HITPOINT WARNING * * *
You bump into the stone wall.
Something completely misses you.
You hear some strange, mumbled words.
A puff of flame appears from out of thin air!
The puff of flame hits you!
* * * LOW HITPOINT WARNING * * *
You closely miss something. Your headbutt misses something.
You feel less confused.
An orc wizard appears from thin air!
Reactivating autopickup.
The orc wizard points at you and mumbles some strange words.
The magic dart hits you!
You die...

... ... ... #.# #.# #)# #
##'## #. ##o..##
####.#### ##.@...##
........## ##.....<.#
.###.#...####.........#
....#.......'.........'..
.#.###...####.........##.
.##.#.#.## ##.<.....##
........# ##.....##
####.#### ##...## #.#
#'##


You could see an orc wizard.

Vanquished Creatures
  Sigmund (D:2)
  An ice beast (D:3)
  2 orc priests (D:4)
  Natasha (thrice) (D:2)
  2 orc wizards (D:4)
  3 adders
  An adder skeleton (D:3)
  4 worms
  A dart slug (D:3)
  7 orcs
  8 bats
  7 endoplasms
  3 giant cockroaches (D:3)
  8 hobgoblins
  4 jackals (D:3)
  2 quokkas
  7 ball pythons
  A frilled lizard (D:3)
  8 goblins
  3 kobolds
  2 rats (D:1)
78 creatures vanquished.

Notes
Turn   | Place    | Note
-------+----------+-------------------------------------------
     0 | D:1      | bilbop the Minotaur Fighter began the quest for the Orb.
     0 | D:1      | Reached XP level 1. HP: 19/19 MP: 0/0
   153 | D:1      | Reached XP level 2. HP: 22/27 MP: 1/1
   375 | D:1      | Found a faded altar of an unknown god.
   467 | D:1      | Reached skill level 3 in Maces & Flails
  1156 | D:2      | Noticed Natasha
  1160 | D:2      | Killed Natasha
  1161 | D:2      | Reached XP level 3. HP: 33/33 MP: 2/2
  1184 | D:2      | Noticed Natasha
  1196 | D:2      | Killed Natasha
  1197 | D:2      | Reached XP level 4. HP: 24/40 MP: 3/3
  1235 | D:2      | Noticed Natasha
  1240 | D:2      | Killed Natasha
  1241 | D:2      | Reached skill level 4 in Maces & Flails
  1391 | D:2      | Noticed Sigmund
  1395 | D:2      | Killed Sigmund
  1396 | D:2      | Reached skill level 5 in Maces & Flails
  1396 | D:2      | Reached XP level 5. HP: 35/47 MP: 4/4
  1534 | D:2      | Reached XP level 6. HP: 55/55 MP: 5/5
  2106 | D:3      | Found a stormy altar of Qazlal.
  2220 | D:3      | Found a glowing golden altar of the Shining One.
  2240 | D:3      | Found Loygewka's Weapon Emporium.
  2327 | D:3      | Noticed an ice beast
  2341 | D:3      | Killed an ice beast
  2342 | D:3      | Reached skill level 5 in Fighting
  2342 | D:3      | Reached skill level 5 in Armour
  2342 | D:3      | Reached skill level 5 in Shields
  2646 | D:3      | Found a burning altar of Makhleb.
  2658 | D:3      | Became a worshipper of Makhleb the Destroyer
  2722 | D:4      | Found a staircase to the Ecumenical Temple.
  3043 | D:4      | Found a sacrificial altar of Ru.
  3123 | D:4      | Found a shadowy altar of Dithmenos.
  3174 | D:4      | Reached skill level 6 in Maces & Flails
  3175 | D:4      | Reached XP level 7. HP: 13/61 MP: 6/6
  3183 | D:4      | Killed from afar by an orc wizard

Illustrated notes

Levels and vault maps discovered:
D:1:      heliophobic_arrival_battle_scene, layout_loops_corners,
          hellmonk_ecumenical_altar_leap_of_faith, grunt_decor_arrowhead
D:2:      layout_loops_ring, uniq_sigmund, uniq_natasha
D:3:      layout_rooms, lemuel_crystal_altar, amcnicky_altar_gilded,
          lemuel_coloured_pillars_altar, serial_shops, shop,
          chequers_serial_rivers_small_3, st_stairs_9
D:4:      layout_loops_corners, general_overflow_altar,
          nicolae_ru_great_annihilating_truth, minmay_temple_entry_slanted

Skill      XL: |  1  2  3  4  5  6 |
---------------+-------------------+-----
Maces & Flails | 3 5 6 |  6.0
Fighting       | 4 5 |  5.3
Armour         | 4 5 |  5.3
Shields        | 4 5 |  5.3
Slings         | |  0.6
Invocations    | |  0.7

Action                   |  1- 3 |  4- 6 |  7- 9 || total
-------------------------+-------+-------+-------++-------
Melee: Flail             |    75 |   120 |     4 ||   199
       Headbutt          |     7 |    27 |       ||    34
 Stab: Paralysed         |       |     1 |       ||     1
Armor: Scale mail        |    59 |    30 |     1 ||    90
Dodge: Dodged            |    25 |    24 |     1 ||    50
Block: Kite shield       |    49 |    13 |       ||    62
       Tower shield      |       |    49 |     1 ||    50

Table legend: (Time is in decaauts)
 A = Elapsed time spent in this place.
 B = Non-inter-level travel time spent in this place.
 C = Inter-level travel time spent in this place.
 D = Time resting spent in this place.
 E = Time spent auto-exploring this place.
 F = Levels seen in this place.
 G = Mean time per level.
                   A        B        C        D        E       F      G
               +--------+--------+--------+--------+--------+-----+--------+
         Total |   3276 |   3185 |     91 |      0 |   2633 |   4 |  819.0 |
       Dungeon |   3276 |   3185 |     91 |      0 |   2633 |   4 |  819.0 |
               +--------+--------+--------+--------+--------+-----+--------+

Top non-repeatable levels by time:
     D:1: 1180 daAuts
     D:2: 917 daAuts
     D:3: 691 daAuts
     D:4: 486 daAuts
